 Dungeon Crawl Stone Soup version 0.30.0-10-gfe55d96785 (webtiles) character file.

Game seed: 12873707553926372990

190588 freelancePsychic the Black Sun (level 17, -14/146 HPs)
             Began as a Demonspawn Monk on May 13, 2023.
             Was a High Priest of Kikubaaqudgha.
             Demolished by a naga warrior
             ... wielding a +0 trident
              (18 damage)
             ... on level 4 of the Snake Pit.
             The game lasted 01:12:27 (30214 turns).

freelancePsychic the Black Sun (Demonspawn Monk)   Turns: 30214, Time: 01:12:28

Health: -14/146    AC: 21    Str: 12    XL:     17   Next: 54%
Magic:  17/29      EV: 16    Int: 19    God:    Kikubaaqudgha [*****.]
Gold:   1431       SH:  7    Dex: 19    Spells: 7/32 levels left

rFire   + . .        a - staff of death
rCold   + . .        v - +1 buckler {rC+}
rNeg    + + .        N - +4 troll leather armour
rPois   +            Q - +2 hat {Int+3}
rElec   .            T - +2 cloak {rF+}
rCorr   .            E - +2 pair of gloves {hurl}
SInv    .            q - +2 pair of boots
Will    +....        h - amulet of the acrobat
Stlth   +++          j - ring of positive energy
HPRegen 1.24/turn    H - ring of poison resistance
MPRegen 0.21/turn

%: acrobat
@: lethally poisoned (-14 -> -15), death channelling, animating dead, studying
Translocations
A: spiny 2, sharp scales 2, demonic magic 2, weakness stinger 2, hooves 1
}: 1/15 runes: barnacled
a: Renounce Religion, Unearth Wretches, Torment


You were on level 4 of the Snake Pit.
You worshipped Kikubaaqudgha.
Kikubaaqudgha was extremely pleased with you.
You visited 6 branches of the dungeon, and saw 31 of its levels.
You also visited: Ossuary, Gauntlet and Volcano.

You collected 2709 gold pieces.
You spent 1278 gold pieces at shops.

Inventory:

Hand Weapons
 b - a +4 dagger of pain
Missiles
 z - 6 silver javelins
 V - a throwing net (quivered)
Armour
 f - a +1 robe of the Archmagi
 q - a +2 pair of boots (worn)
 v - a +1 buckler of cold resistance (worn)
 E - a +2 pair of gloves of hurling (worn)
 N - a +4 troll leather armour (worn)
 P - a +0 kite shield of cold resistance
 Q - a +2 hat of intelligence (worn)
 R - the +1 hat of Liberalism {rPois rC+ Dex+2 Stlth+}
   (You found it on level 10 of the Dungeon)

   Dex:       It affects your dexterity (+2).
   rC:        It protects you from cold.
   rPois:     It protects you from poison.
   Stlth:     It makes you more stealthy.
 T - a +2 cloak of fire resistance (worn)
Magical Staves
 a - a staff of death (weapon)
 L - a staff of fire
Jewellery
 h - an amulet of the acrobat (around neck)
 j - a ring of positive energy (left hand)
 H - a ring of poison resistance (right hand)
 Z - a +6 ring of strength
Wands
 m - a wand of roots (10)
 y - a wand of mindburst (49)
 B - a wand of quicksilver (20)
 I - a wand of flame (67)
 U - a wand of paralysis (7)
Scrolls
 l - a scroll of butterflies
 n - 4 scrolls of fog
 r - 5 scrolls of fear
 s - 10 scrolls of teleportation {@r4}
 u - 5 scrolls of amnesia
 w - 7 scrolls of magic mapping
 G - 2 scrolls of vulnerability
 J - 13 scrolls of blinking
 K - 8 scrolls of immolation
 M - a scroll of torment
 O - 3 scrolls of silence
 W - a scroll of brand weapon
 X - a scroll of enchant weapon
Potions
 c - 3 potions of ambrosia
 d - 3 potions of invisibility
 e - 5 potions of flight
 g - 8 potions of attraction
 i - 9 potions of curing {@q1}
 k - 3 potions of haste {@q3}
 o - 7 potions of brilliance
 p - 3 potions of berserk rage
 t - 6 potions of mutation
 x - 4 potions of heal wounds {@q2}
 A - 6 potions of cancellation
 C - 4 potions of magic
 F - 5 potions of might
 S - 4 potions of resistance
Miscellaneous
 D - a phantom mirror


   Skills:
 + Level 16.7 Fighting
 - Level 5.6(6.0) Short Blades
 - Level 2.8(4.6) Long Blades
 - Level 6.0 Staves
 + Level 8.0 Dodging
 - Level 6.0 Stealth
 - Level 6.0 Shields
 - Level 8.0 Spellcasting
 - Level 8.8 Hexes
 + Level 12.4 Summonings
 + Level 18.3 Necromancy


You had 7 spell levels left.
You knew the following spells:

 Your Spells              Type           Power      Damage    Failure   Level
a - Haunt                 Necr/Summ      39%        N/A       24%         7
b - Animate Dead          Necr           86%        N/A       1%          4
c - Dispel Undead         Necr           86%        3d28      1%          4
e - Death Channel         Necr           43%        N/A       1%          6
i - Anguish               Hex/Necr       36%        N/A       1%          4

Your spell library contained the following spells:

 Spells                   Type           Power      Damage    Failure   Level
 Necrotise                Necr           100%       1d9       0%          1
 Sublimation of Blood     Necr           86%        N/A       0%          2
 Call Imp                 Summ           100%       N/A       1%          2
 Cigotuvi's Dreadful Rot  Necr/Pois/Air  92%        N/A       1%          2
 Call Canine Familiar     Summ           53%        N/A       1%          3
 Summon Guardian Golem    Hex/Summ       48%        N/A       1%          3
 Tukima's Dance           Hex            41%        N/A       1%          3
 Vampiric Draining        Necr           86%        2d12      1%          3
 Agony                    Necr           86%        N/A       1%          5
 Ensorcelled Hibernation  Hex/Ice        48%        N/A       3%          2
 Portal Projectile        Hex/Tloc       48%        N/A       8%          3
 Apportation              Tloc           14%        N/A       16%         1
 Beastly Appendage        Tmut           14%        N/A       16%         1
 Freeze                   Ice            28%        1d5       16%         1
 Magic Dart               Conj           28%        1d4       16%         1
 Lesser Beckoning         Tloc           14%        N/A       24%         2
 Momentum Strike          Conj/Tloc      14%        3d8       24%         2
 Passwall                 Tmut/Erth      5%         N/A       24%         2
 Poisonous Vapours        Pois/Air       14%        N/A       24%         2
 Wereblood                Tmut           7%         N/A       24%         2
 Fulminant Prism          Conj/Hex       12%        3d9       26%         4
 Leda's Liquefaction      Hex/Erth       12%        N/A       26%         4
 Summon Forest            Summ/Tloc      15%        N/A       34%         5
 Frozen Ramparts          Ice            14%        1d3       43%         3
 Gell's Gravitas          Tloc           7%         N/A       43%         3
 Hailstorm                Conj/Ice       7%         3d4       43%         3
 Ignite Poison            Fire/Tmut/Pois 7%         N/A       43%         3
 Mephitic Cloud           Conj/Pois/Air  7%         N/A       43%         3
 Swiftness                Air            7%         N/A       43%         3
 Teleport Other           Tloc           7%         N/A       43%         3
 Volatile Blastmotes      Fire/Tloc      14%        2d11      43%         3
 Yara's Violent Unravell  Hex/Tmut       12%        3d7       56%         5
 Summon Hydra             Summ           26%        N/A       63%         7
 Ice Form                 Ice/Tmut       7%         N/A       83%         4
 Iskenderun's Mystic Bla  Conj/Tloc      7%         2d4       83%         4
 Passage of Golubria      Tloc           7%         N/A       83%         4
 Alistair's Intoxication  Tmut/Pois      4%         N/A       99%         5
 Arcjolt                  Conj/Air       3%         1d13      99%         5
 Freezing Cloud           Conj/Ice/Air   3%         6-21      99%         5
 Irradiate                Conj/Tmut      3%         3d12      99%         5
 Lee's Rapid Deconstruct  Erth           3%         3d5*      99%         5
 Dispersal                Tloc           3%         N/A       100%        6
 Eringya's Noxious Bog    Tmut/Pois      3%         N/A       100%        6
 Plasma Beam              Fire/Air       3%         2x1d15    100%        6
 Statue Form              Tmut/Erth      4%         N/A       100%        6
 Orb of Destruction       Conj           3%         9d5       100%        7
 Spellforged Servitor     Conj/Summ      15%        N/A       100%        7
 Borgnjor's Revivificati  Necr           43%        N/A       50%         8
 Infestation              Necr           43%        N/A       50%         8
 Necromutation            Tmut/Necr      29%        N/A       100%        8
 Death's Door             Necr           43%        N/A       100%        9


Dungeon Overview and Level Annotations

Branches:
Dungeon (15/15)            Temple (1/1) D:5            Lair (5/5) D:9
 Shoals (4/4) Lair:2        Snake (4/4) Lair:2        Slime (0/5) Lair:4
    Orc (2/2) D:11            Elf (0/3) Orc:2        Vaults (0/5) D:14
 Depths (0/4) D:15        Ossuary (visited)         Volcano (visited)
Gauntlet (visited)

Altars:
Ashenzari
Cheibriados
Dithmenos
Fedhas
Gozag
Hepliaklqana
Kikubaaqudgha
Makhleb
Nemelex Xobeh
Okawaru
Qazlal
Ru
Sif Muna
Trog
Uskayaw
Vehumet
Wu Jian
Xom
Yredelemnul
Jiyva

Shops:
D:7 (   Orc:2 :([*   Shoals:3 ?   Snake:2 *?

Portals:
Trove: D:11 (give 17 scrolls of teleportation)

Annotations:
D:4 exclusion: jelly
D:5 1 runed translucent door, avis's ghost, novice MfTm
D:12 exclusion: oklob plant


Innate Abilities, Weirdness & Mutations

You are mostly covered in sharp spines.
You are mostly covered in razor-sharp scales. (AC +2, Slay +2)
Spells you cast may paralyse nearby enemies.
You have a tail ending in a sharp stinger.
You have large cloven feet.


Message History

Your spectral naga mage grabs the naga mage.
Your spectral naga mage constricts the naga mage.
The naga ritualist mumbles some strange prayers to its god.
The naga ritualist begins to radiate toxic energy.
* * * LOW HITPOINT WARNING * * *
The naga ritualist is wracked by anguish.
Your mana viper zombie barely misses the salamander mystic.
The salamander mystic barely misses your mana viper zombie.
The naga sharpshooter shoots an arrow.
The arrow hits your naga mage zombie!
The black mamba bites you but does no damage.
You feel much better.
You feel sick.
The naga warrior no longer looks unusually strong.
The naga mage no longer looks unusually strong.
* * * LOW HITPOINT WARNING * * *
You block the black mamba's attack.
The naga ritualist is wracked by anguish.
Your spectral guardian serpent hits the naga mage but does no damage.
The naga warrior hits you from afar with a +0 trident!
* * * LOW HITPOINT WARNING * * *
The naga warrior is wracked by anguish!
Your spectral mana viper bites the salamander mystic.
Your spectral mana viper bites the nagaraja.
Your spectral naga warrior hits the nagaraja!
The naga warrior blocks your spectral naga's attack. x2
Your anaconda zombie misses the black mamba. x2
The black mamba is struck by your spines.
The black mamba completely misses you.
The nagaraja hits you from afar with a +0 spear!!
* * * LOW HITPOINT WARNING * * *
Your mana viper zombie bites the salamander mystic!
Your spectral naga sharpshooter hits the nagaraja.
Your spectral naga sharpshooter constricts the nagaraja.
The naga warrior roars a battlecry!
Your spectral naga hits the nagaraja but does no damage.
Your spectral naga closely misses the nagaraja.
The naga mage struggles to escape constriction.
Your spectral guardian serpent hits the naga mage.
The naga warrior hits you from afar with a +0 trident!!
You die...
Kikubaaqudgha rasps: "You have failed me!
Welcome... death!" ..N...#..... .N..)...#... ..)Z.ZZZNN#

###).ZZZZN.##
#...N.ZZN#..##
.Z....ZZN....#
NZ#.Z)ZZ#N)..#
.Z...ZZ@SN...#
.Z.....Z..†..#
N......†).†.N#
###...##))†### ###
#..###..†.###.. ..##
...###†.))..#.# ...###.
...##..†.†....# ....#..
#....#........## ..
....#^###....#.#.....##
...


You could see 2 nagarajas, 3 naga warriors, 3 naga sharpshooters, a salamander
mystic (ally target, anguished), 2 naga ritualists, a black mamba (fast, ally
target, anguished), a naga mage (fast, fleeing, drained, ally target,
anguished), a naga (strong), 2 friendly spectral anacondas, 3 friendly spectral
nagas, 3 friendly spectral naga warriors, 2 friendly spectral naga magi, a
friendly spectral guardian serpent, 2 friendly spectral mana vipers, a friendly
spectral naga ritualist, a friendly spectral naga sharpshooter, a friendly
anaconda zombie, a friendly naga zombie, 2 friendly naga warrior zombies, a
friendly naga mage zombie, a friendly mana viper zombie and a friendly naga
sharpshooter zombie.

Vanquished Creatures
  Gastronok (Lair:3)
  The ghost of relicbr the Stormcaller, an adept TeAE of Vehumet (Shoals:3)
  A nagaraja (Snake:4)
  An orc warlord (Orc:2)
  A merfolk javelineer (Shoals:3)
  A fire dragon (Lair:5)
  An ogre mage (D:14)
  3 hydras
  2 vault guards (D:14)
  6 centaur warriors
  An alligator snapping turtle (Shoals:4)
  7 two-headed ogres
  2 boulder beetles (D:14)
  4 anacondas
  A tengu warrior (D:15)
  An orc high priest (Orc:2)
  5 naga warriors
  3 thrashing horrors (Gauntlet)
  Nergalle (D:12)
  A shock serpent (Snake:2)
  A sea snake (Shoals:3)
  10 harpies
  A naga ritualist (Snake:1)
  A deep elf zephyrmancer (D:10)
  2 deep elf pyromancers
  8 ugly things
  A wolf spider (D:13)
  A mana viper (Snake:1)
  3 orc knights
  Pikel (D:4)
  3 cyclopes
  A faun (Shoals:3)
  2 orc sorcerers
  7 manticores
  2 salamanders
  7 naga magi
  21 black mambas
  4 elephants
  3 cane toads
  4 water nymphs
  A guardian serpent (Snake:4)
  A rime drake (Lair:5)
  8 komodo dragons
  3 yaktaurs
  3 kobold demonologists
  8 trolls
  2 harpy zombies (Shoals:1)
  6 merfolk
  A polar bear (Lair:5)
  4 wind drakes
  Prince Ribbit (D:7)
  2 blink frogs (Lair:1)
  A hornet (D:10)
  12 dream sheep
  A snapping turtle (Shoals:2)
  11 slime creatures
  Sigmund (D:2)
  19 yaks
  2 basilisks (Lair:5)
  3 fire bats (Volcano)
  Eustachio (D:6)
  A human (D:14)
  2 wyverns
  Grum (D:10)
  Edmund (D:4)
  2 wargs
  Menkaure (D:5)
  11 nagas
  2 acid dragons
  A hell hound (Lair:5)
  13 water moccasins
  A swamp drake (D:10)
  A sky beast (D:7)
  4 black bears
  4 ice beasts
  14 orc warriors
  7 wolves
  4 ogres
  8 centaurs
  3 lemures (D:5)
  A phantom (D:7)
  6 small abominations (Gauntlet)
  A kobold brigand (D:9)
  6 bullfrogs
  4 scorpions
  A gnoll sergeant (D:8)
  13 wights
  18 killer bees
  11 howler monkeys
  2 crimson imps
  5 hounds
  5 lava snakes
  An iron imp (D:10)
  10 jellies
  Crazy Yiuf (D:6)
  5 orc priests
  2 gnoll boudas
  3 human zombies (Ossuary)
  An iguana (D:7)
  13 orc wizards
  4 hound zombies (Ossuary)
  A boggart simulacrum (D:14)
  3 mummies (Ossuary)
  Robin (D:4)
  7 adders
  9 gnolls
  5 white imps
  4 adder zombies (Ossuary)
  A worm (D:3)
  3 dart slugs
  38 orcs
  8 endoplasms
  8 giant cockroaches
  A gnoll zombie (Ossuary)
  15 goblins
  4 hobgoblins
  14 jackals
  13 kobolds
  A quokka (D:1)
  7 ball pythons
  2 bats (D:3)
  2 frilled lizards
  3 hobgoblin zombies (Ossuary)
  4 jackal zombies (Ossuary)
  3 kobold zombies (Ossuary)
  An orc zombie (Ossuary)
  4 quokka zombies (Ossuary)
  9 rats
  6 rat zombies (Ossuary)
589 creatures vanquished.

Vanquished Creatures (collateral kills)
  Rupert (Lair:5)
  A sphinx (Shoals:4)
  Roxanne (Snake:1)
  Aizul (Snake:4)
  Louise (D:15)
  A quicksilver ooze (shapeshifter) (D:15)
  A minotaur (Shoals:4)
  Josephine (Lair:5)
  4 merfolk impalers
  A vault guard (D:14)
  3 hydras
  An anaconda (Snake:4)
  2 two-headed ogres
  A merfolk avatar (Shoals:3)
  4 satyrs (Shoals:4)
  A tengu warrior (D:13)
  A boulder beetle (D:13)
  A centaur warrior (D:13)
  2 orc high priests (Orc:2)
  5 naga warriors
  A shock serpent (Snake:3)
  5 naga sharpshooters
  3 skysharks
  3 sea snakes
  A deep elf archer (D:14)
  2 naga ritualists
  4 harpies
  2 oklob plants
  A deep elf pyromancer (D:13)
  A salamander (Volcano)
  2 orc sorcerers (Orc:2)
  7 mana vipers
  6 fauns
  4 cyclopes
  2 ugly things (D:15)
  6 manticores
  5 elephants
  2 merfolk sirens
  6 black mambas
  3 naga magi (Snake:4)
  A water nymph (Shoals:2)
  A molten gargoyle (Lair:5)
  2 guardian serpents (Snake:4)
  3 komodo dragons (Lair:5)
  An unseen horror (D:13)
  A tengu conjurer (D:13)
  2 harpy zombies (Shoals:1)
  2 trolls (D:10)
  A wolf spider simulacrum (D:15)
  13 merfolk
  2 queen bees (shapeshifter) (D:13)
  2 blink frogs (Lair:1)
  3 snapping turtles
  6 dream sheep
  10 slime creatures
  A water elemental (Shoals:3)
  5 wraiths
  2 wyverns
  3 basilisks
  4 yaks
  A vampire mosquito (D:13)
  3 steam dragons (Lair:5)
  An acid dragon (D:13)
  8 nagas
  2 wargs
  4 water moccasins
  5 orc warriors
  2 wolves (Lair:2)
  An ice beast (D:7)
  11 centaurs
  An ogre (Orc:2)
  A bullfrog (Lair:3)
  3 killer bees (D:9)
  2 lava snakes (Lair:2)
  2 orc priests
  3 jellies (Lair:4)
  5 orc wizards
  A shadow imp (D:10)
  A white imp (D:7)
  13 orcs
  3 kobolds
  A quokka (D:13)
  2 tentacles (Shoals:3)
241 creatures vanquished.

Vanquished Creatures (others)
  Bai Suzhen (Shoals:4)
  Frances (D:13)
  A kraken (Shoals:3)
  A stone giant (D:15)
  Snorg (Lair:3)
  A minotaur (Gauntlet)
  A merfolk javelineer (Shoals:4)
  A yaktaur captain (D:14)
  2 hydras
  2 anacondas
  A vault guard (D:14)
  3 boulder beetles
  2 centaur warriors
  3 two-headed ogres
  4 satyrs (Shoals:4)
  A naga warrior (Snake:4)
  A naga sharpshooter (Snake:1)
  Urug (D:11)
  A shock serpent (Snake:1)
  Sonja (Lair:3)
  A deep elf knight (D:14)
  2 skysharks
  2 fire crabs
  A sea snake (Shoals:4)
  4 harpies
  A naga ritualist (Snake:4)
  A deep elf archer (Gauntlet)
  A deep elf pyromancer (D:14)
  A deep elf zephyrmancer (Gauntlet)
  An ugly thing (D:14)
  3 orc knights
  A wolf spider (D:13)
  An orc sorcerer (Orc:2)
  A cyclops (D:14)
  3 mana vipers
  A faun (Shoals:4)
  7 manticores
  2 elephants (Lair:5)
  A guardian serpent (Snake:4)
  A shock serpent zombie (Snake:1)
  4 black mambas
  2 naga magi (Snake:4)
  2 water nymphs (Shoals:4)
  2 molten gargoyles (Lair:5)
  6 cane toads
  A sea snake zombie (Shoals:3)
  An unseen horror (D:13)
  3 yaktaurs (D:11)
  6 komodo dragons
  2 tengu conjurers (D:13)
  5 harpy zombies
  A merfolk (Shoals:3)
  A hornet (D:13)
  2 mana viper zombies
  4 meliai
  3 meliai zombies
  2 satyr zombies (Shoals:4)
  A guardian serpent zombie (Snake:4)
  3 blink frogs
  2 slime creatures
  4 black mamba zombies
  A jumping spider (Gauntlet)
  2 yaks (Lair:4)
  A wyvern (Lair:5)
  2 slime creature zombies (D:13)
  2 wind drake zombies
  A basilisk (Lair:5)
  3 faun zombies (Shoals:4)
  A two-headed ogre zombie (Orc:2)
  2 water nymph zombies (Shoals:4)
  4 nagas
  4 merfolk zombies
  A cane toad zombie (Lair:5)
  A water moccasin (Lair:5)
  3 hell hounds (Lair:5)
  8 orc warriors
  4 manticore zombies
  A hornet zombie (D:13)
  A black bear (Lair:5)
  3 centaurs (D:13)
  2 wolves (Lair:2)
  4 elephant zombies (Lair:5)
  3 ogres (Orc:2)
  A komodo dragon zombie (Lair:3)
  A bullfrog (Lair:4)
  A water moccasin zombie (Lair:4)
  4 yak zombies
  2 troll zombies
  A killer bee (D:11)
  A tengu zombie (D:13)
  2 wolf zombies (D:10)
  2 lava snakes (Lair:5)
  6 centaur zombies
  A bullfrog zombie (Lair:4)
  2 orc priests (Orc:1)
  A killer bee zombie (D:10)
  An ogre zombie (Orc:2)
  8 naga zombies
  A howler monkey zombie (D:9)
  8 orc zombies
  3 orcs
  2 endoplasms (D:13)
  3 gnoll zombies
  3 endoplasm zombies
  2 kobolds
  3 kobold zombies
  6 tentacles (Shoals:3)
242 creatures vanquished.

Grand Total: 1072 creatures vanquished

Notes
Turn   | Place    | Note
-------+----------+-------------------------------------------
     0 | D:1      | freelancePsychic the Demonspawn Monk began the quest for
                  | the Orb.
     0 | D:1      | Reached XP level 1. HP: 18/18 MP: 1/1
   129 | D:1      | Gained mutation: You are partially covered in razor-sharp
                  | scales. (AC +1, Slay +1) [demonic ancestry]
   129 | D:1      | Reached XP level 2. HP: 20/24 MP: 2/2
   208 | D:1      | Reached skill level 1 in Short Blades
   393 | D:1      | Reached XP level 3. HP: 29/29 MP: 3/3
   674 | D:2      | Noticed Sigmund
   822 | D:2      | Killed Sigmund
   823 | D:2      | Reached XP level 4. HP: 31/38 MP: 4/4
   823 | D:2      | Reached XP level 5. HP: 35/43 MP: 5/5
  1021 | D:2      | Reached skill level 5 in Fighting
  1974 | D:4      | Gained mutation: Spells you cast may paralyse adjacent
                  | enemies. [demonic ancestry]
  1974 | D:4      | Reached XP level 6. HP: 39/51 MP: 6/6
  2135 | D:4      | Gained mutation: You are mostly covered in razor-sharp
                  | scales. (AC +2, Slay +2) [demonic ancestry]
  2135 | D:4      | Reached XP level 7. HP: 57/57 MP: 7/7
  2250 | D:4      | Noticed Robin
  2265 | D:4      | Killed Robin
  2270 | D:4      | Noticed Edmund
  2394 | D:4      | Reached skill level 1 in Stealth
  2394 | D:4      | Reached skill level 1 in Spellcasting
  2400 | D:4      | Learned a level 3 spell: Call Canine Familiar
  2507 | D:4      | Reached skill level 1 in Summonings
  2663 | D:4      | Killed Edmund
  2683 | D:4      | You fall into a shaft and drop 2 floors!
  2727 | D:6      | Reached skill level 5 in Short Blades
  2865 | D:6      | Noticed Eustachio
  2873 | D:6      | Killed Eustachio
  2874 | D:6      | Reached XP level 8. HP: 56/64 MP: 10/12
  3161 | D:5      | Entered Level 5 of the Dungeon
  3255 | D:5      | Found a runed translucent door.
  3256 | D:5      | Noticed a kobold demonologist
  3257 | D:5      | Noticed avis's ghost (novice MfTm)
  3946 | D:5      | Noticed Menkaure
  3950 | D:5      | Killed Menkaure
  4043 | D:5      | Noticed Pikel
  4056 | D:4      | Killed Pikel
  4057 | D:4      | Reached skill level 5 in Summonings
  4244 | D:5      | Found a staircase to the Ecumenical Temple.
  4258 | Temple   | Entered the Ecumenical Temple
  4310 | Temple   | Became a worshipper of Kikubaaqudgha
  4310 | Temple   | Reached * piety under Kikubaaqudgha
  4310 | Temple   | Received a gift from Kikubaaqudgha
  4310 | Temple   | Reached ** piety under Kikubaaqudgha
  4414 | D:5      | Learned a level 4 spell: Animate Dead
  4494 | D:5      | Reached skill level 5 in Spellcasting
  4597 | D:5      | Reached XP level 9. HP: 69/69 MP: 16/16
  5383 | D:6      | Found a radiant altar of Vehumet.
  5428 | D:6      | Found a snail-covered altar of Cheibriados.
  5544 | D:6      | Found a runed translucent door.
  5545 | D:6      | Noticed Crazy Yiuf
  5806 | D:6      | Killed Crazy Yiuf
  5927 | D:7      | Reached skill level 1 in Necromancy
  5962 | D:7      | Reached skill level 2 in Necromancy
  6017 | D:7      | Found Feil's Firing Range.
  6057 | D:7      | Reached skill level 3 in Necromancy
  6062 | D:7      | Reached skill level 4 in Necromancy
  6087 | D:7      | Noticed Prince Ribbit
  6122 | D:7      | Gained mutation: You have a small tail. [demonic ancestry]
  6122 | D:7      | Reached XP level 10. HP: 37/77 MP: 5/20
  6169 | D:7      | Reached skill level 5 in Necromancy
  6209 | D:7      | Found a sand-covered staircase.
  6272 | Ossuary  | Entered an ossuary
  6441 | Ossuary  | Reached *** piety under Kikubaaqudgha
  6441 | Ossuary  | Received a gift from Kikubaaqudgha
  6674 | Ossuary  | Learned a level 4 spell: Dispel Undead
  6679 | Ossuary  | Learned a level 4 spell: Anguish
  6686 | Ossuary  | Learned a level 6 spell: Death Channel
  6863 | D:7      | Found a sparkling altar of Nemelex Xobeh.
  6868 | D:7      | Found an opulent altar of Gozag.
  6872 | D:7      | Found a shimmering altar of Xom.
  6888 | D:7      | Killed Prince Ribbit
  6937 | D:7      | Reached skill level 1 in Hexes
  7203 | D:8      | Reached skill level 6 in Necromancy
  7555 | D:8      | Identified the +3 ring mail "Ypnodoch" {rElec Dex+3}
  7768 | D:8      | Found a shimmering blue altar of Sif Muna.
  7792 | D:8      | Reached **** piety under Kikubaaqudgha
  8203 | D:9      | Reached skill level 7 in Necromancy
  8362 | D:9      | Found a staircase to the Lair.
  8415 | D:9      | Found a basalt altar of Yredelemnul.
  8428 | D:9      | Noticed a two-headed ogre
  8463 | D:9      | Killed a two-headed ogre
  8796 | D:9      | Gained mutation: You are partially covered in sharp spines.
                  | [demonic ancestry]
  8796 | D:9      | Reached XP level 11. HP: 66/86 MP: 14/23
  8801 | D:9      | Reached skill level 8 in Necromancy
  8813 | D:9      | Got the Guide on the Sixfirhy and Alteration
  9250 | D:10     | Entered Level 10 of the Dungeon
  9254 | D:10     | Identified 2 scrolls of acquirement
  9254 | D:10     | Acquired a +1 buckler of cold resistance
  9256 | D:10     | Acquired a staff of death
  9288 | D:10     | Noticed a two-headed ogre
  9295 | D:10     | Killed a two-headed ogre
  9727 | D:10     | Noticed Grum
  9731 | D:10     | Killed Grum
  9732 | D:10     | Reached skill level 9 in Necromancy
  9842 | D:10     | Your ally Grum died
  9948 | D:10     | Noticed a deep elf zephyrmancer
  9955 | D:10     | Killed a deep elf zephyrmancer
  9985 | D:10     | Identified the +1 hat of Liberalism {rPois rC+ Dex+2
                  | Stlth+}
  9997 | D:10     | Noticed a deep elf pyromancer
 10003 | D:10     | Killed a deep elf pyromancer
 10101 | D:10     | Reached skill level 5 in Hexes
 10125 | D:10     | Noticed a two-headed ogre
 10131 | D:10     | Killed a two-headed ogre
 10132 | D:10     | Reached skill level 10 in Necromancy
 10594 | D:11     | Found a staircase to the Orcish Mines.
 10614 | D:11     | Reached ***** piety under Kikubaaqudgha
 10723 | D:11     | Noticed a two-headed ogre
 10731 | D:11     | Killed a two-headed ogre
 10786 | D:11     | Found a portal to a secret trove of treasure.
 11004 | D:11     | Noticed Urug
 11004 | D:11     | Noticed a boulder beetle
 11239 | Lair:1   | Entered Level 1 of the Lair of Beasts
 11279 | Lair:1   | Reached XP level 12. HP: 49/96 MP: 10/24
 11287 | Lair:1   | Reached skill level 11 in Necromancy
 11342 | Lair:1   | Found a dark tunnel.
 11447 | Volcano  | Entered a volcano
 11466 | Volcano  | Noticed a two-headed ogre
 11466 | Volcano  | Noticed a two-headed ogre
 11475 | Volcano  | Killed a two-headed ogre
 11476 | Volcano  | Reached skill level 10 in Fighting
 11479 | Volcano  | Killed a two-headed ogre
 11593 | Volcano  | Noticed a two-headed ogre
 11593 | Volcano  | Noticed a two-headed ogre
 11599 | Volcano  | Killed a two-headed ogre
 11601 | Volcano  | Killed a two-headed ogre
 11894 | Lair:1   | Found a shadowy altar of Dithmenos.
 11953 | Lair:1   | Reached skill level 12 in Necromancy
 12321 | Lair:2   | Found a staircase to the Shoals.
 12723 | Lair:2   | Found a staircase to the Snake Pit.
 13067 | Lair:2   | Reached skill level 1 in Staves
 13068 | Lair:2   | Reached XP level 13. HP: 94/106 MP: 19/25
 13339 | Lair:3   | Noticed Gastronok
 13349 | Lair:3   | Killed Gastronok
 13417 | Lair:3   | Noticed Sonja
 13424 | Lair:3   | Killed Sonja
 13766 | Lair:3   | Identified the +1 falchion of Qamyf {antimagic, Dex+3}
 13802 | Lair:3   | Reached skill level 13 in Necromancy
 14101 | Lair:3   | Noticed Snorg
 14110 | Lair:3   | Killed Snorg
 15367 | Lair:4   | Found a viscous altar of Jiyva.
 15368 | Lair:4   | Found a staircase to the Slime Pits.
 15832 | Lair:4   | Reached skill level 5 in Staves
 16254 | Lair:5   | Entered Level 5 of the Lair of Beasts
 16487 | Lair:5   | Reached skill level 5 in Stealth
 16675 | Lair:5   | Noticed Rupert
 16696 | Lair:5   | Killed Rupert
 16900 | Lair:5   | Reached XP level 14. HP: 47/116 MP: 2/26
 17303 | Lair:5   | Reached skill level 14 in Necromancy
 17319 | Lair:5   | Noticed Josephine
 17320 | Lair:5   | Found a large runed translucent door.
 17325 | Lair:5   | Killed Josephine
 17510 | Lair:5   | Found a large runed translucent door.
 17609 | Lair:5   | Identified the +4 ring mail of the Bagpipe {Slay+2 SInv}
 18482 | D:11     | Killed Urug
 18769 | D:11     | Identified the +0 chain mail of Bugy Hod {Dex+7}
 19148 | Orc:1    | Entered Level 1 of the Orcish Mines
 19417 | Orc:2    | Entered Level 2 of the Orcish Mines
 19487 | Orc:2    | Found a staircase to the Elven Halls.
 19488 | Orc:2    | Found Dutsoh's Antique Weapon Boutique.
 19496 | Orc:2    | Reached skill level 1 in Shields
 19583 | Orc:2    | Reached ****** piety under Kikubaaqudgha
 19654 | Orc:2    | Found Hukyqiesk's Antique Armour Shop.
 19658 | Orc:2    | Noticed an orc warlord
 19904 | Orc:2    | Killed an orc warlord
 19905 | Orc:2    | Reached skill level 15 in Necromancy
 19981 | Orc:2    | Received a gift from Kikubaaqudgha
 20058 | Orc:2    | Gained mutation: You are vulnerable to heat. (rF-) [a
                  | neqoxec]
 20071 | Orc:2    | Paralysed by an orc sorcerer for 2 turns
 20080 | Orc:2    | Lost mutation: You are vulnerable to heat. (rF-) [potion of
                  | mutation]
 20080 | Orc:2    | Gained mutation: You have large cloven feet. [potion of
                  | mutation]
 20494 | Orc:2    | Found Ubefrib's Book Shoppe.
 20757 | Orc:2    | Found Edghus's General Store.
 20765 | Orc:2    | Bought 3 scrolls of blinking for 337 gold pieces
 20765 | Orc:2    | Bought a scroll of teleportation for 45 gold pieces
 21785 | D:12     | Noticed Nergalle
 21804 | D:12     | Killed Nergalle
 22277 | D:12     | Learned a level 7 spell: Haunt
 22439 | D:12     | Found a blossoming altar of Fedhas.
 22550 | D:13     | Gained mutation: You are mostly covered in sharp spines.
                  | [demonic ancestry]
 22550 | D:13     | Reached XP level 15. HP: 126/126 MP: 11/27
 22787 | D:13     | Noticed Frances
 22804 | D:13     | HP: 5/126 [orange demon[Frances] (7)]
 23267 | D:13     | Killed Frances
 23482 | D:14     | Found a gate leading to a gauntlet.
 23485 | Gauntlet | Entered a Gauntlet
 23485 | Gauntlet | Found a transporter.
 23485 | Gauntlet | Found a transporter.
 23485 | Gauntlet | Found a transporter.
 23497 | Gauntlet | Found a transporter.
 23498 | Gauntlet | Found a transporter.
 23508 | Gauntlet | Found a transporter.
 23574 | Gauntlet | Found a transporter.
 23590 | Gauntlet | Found a transporter.
 23599 | Gauntlet | Found a transporter.
 23611 | Gauntlet | Found a transporter.
 23624 | Gauntlet | Found a transporter.
 23630 | Gauntlet | Found a transporter.
 23807 | Gauntlet | Reached skill level 5 in Shields
 23914 | Gauntlet | Identified the +4 battleaxe "Rearubb" {heavy, rF- rC+ Dex+3
                  | Stlth+}
 23952 | Gauntlet | Got Sif Muna's Omnibus of the Traveller
 23957 | Gauntlet | Got the Anthology of the Fuming Traveller
 24212 | D:14     | Paralysed by an orc sorcerer for 3 turns
 24221 | D:14     | Reached skill level 16 in Necromancy
 24397 | D:14     | Found a gate to the Vaults.
 25440 | D:15     | Entered Level 15 of the Dungeon
 25527 | D:15     | Noticed Louise
 25540 | D:15     | Killed Louise
 26132 | D:15     | Reached skill level 15 in Fighting
 26302 | D:15     | Found a staircase to the Depths.
 26695 | Shoals:1 | Entered Level 1 of the Shoals
 26787 | Shoals:1 | Gained mutation: Spells you cast may paralyse nearby
                  | enemies. [demonic ancestry]
 26787 | Shoals:1 | Reached XP level 16. HP: 103/136 MP: 18/28
 26789 | Shoals:1 | Reached skill level 10 in Summonings
 27398 | Shoals:3 | Found Ungepeo's Magic Scroll Boutique.
 27424 | Shoals:3 | Noticed a kraken
 27426 | Shoals:3 | Bought a scroll of blinking for 112 gold pieces
 27426 | Shoals:3 | Bought a scroll of teleportation for 45 gold pieces
 27426 | Shoals:3 | Bought a scroll of immolation for 60 gold pieces
 27446 | Shoals:3 | Killed a kraken
 27551 | Shoals:3 | Reached skill level 17 in Necromancy
 27594 | Shoals:3 | Found a large runed translucent door.
 27594 | Shoals:3 | Found a large runed translucent door.
 27598 | Shoals:3 | Noticed relicbr's ghost (adept TeAE)
 27606 | Shoals:3 | Killed relicbr's ghost
 27607 | Shoals:3 | Reached skill level 5 in Dodging
 27693 | Shoals:3 | Identified the +9 battleaxe of Xioniex {freeze, *Noise
                  | rPois rC+ Str+4}
 27725 | Shoals:3 | Identified the +1 shortbow "Vetiarah" {heavy, rN+}
 27911 | Shoals:4 | Entered Level 4 of the Shoals
 28074 | Shoals:4 | Noticed Bai Suzhen
 28085 | Shoals:4 | Killed Bai Suzhen
 28150 | Shoals:4 | Noticed a sphinx
 28151 | Shoals:4 | Paralysed by a sphinx for 3 turns
 28160 | Shoals:4 | Killed a sphinx
 28172 | Shoals:4 | Got a barnacled rune of Zot
 28355 | Snake:1  | Entered Level 1 of the Snake Pit
 28619 | Snake:1  | Identified Roxanne's Encyclopedia of Vicissitude
 28619 | Snake:1  | Noticed Roxanne
 28629 | Snake:1  | Killed Roxanne
 28630 | Snake:1  | Gained mutation: You have a tail ending in a sharp stinger.
                  | [demonic ancestry]
 28630 | Snake:1  | Reached XP level 17. HP: 119/144 MP: 15/29
 28724 | Snake:1  | Identified the +4 war axe "Newtbane" {venom, rF+ rN+}
 29234 | Snake:2  | Found Plog's Magic Scroll Shoppe.
 29242 | Snake:2  | Bought a scroll of blinking for 142 gold pieces
 29242 | Snake:2  | Bought a scroll of enchant armour for 142 gold pieces
 29242 | Snake:2  | Bought a scroll of enchant armour for 142 gold pieces
 29242 | Snake:2  | Found Xuheuf's General Store.
 29246 | Snake:2  | Bought 2 scrolls of enchant weapon for 165 gold pieces
 29246 | Snake:2  | Bought a potion of magic for 88 gold pieces
 29767 | Snake:3  | Reached skill level 18 in Necromancy
 29926 | Snake:4  | Entered Level 4 of the Snake Pit
 29982 | Snake:4  | Noticed Aizul
 30000 | Snake:4  | Killed Aizul
 30214 | Snake:4  | HP: 4/146 [nagaraja/+0 spear (18)]
 30214 | Snake:4  | Demolished by a naga warrior

Illustrated notes

Levels and vault maps discovered:
D:1:      lightli_arrival_maybe_door_vault, layout_loops_ring
D:2:      layout_rooms, uniq_sigmund
D:3:      layout_basic, grunt_ministairs_8
D:4:      layout_basic, minmay_manual_mail, uniq_robin, uniq_edmund
D:5:      layout_gridville, minmay_temple_entry_enclosed_plants,
          ebering_ghost_inner_flame, minmay_puff, uniq_pikel, uniq_menkaure
D:6:      nicolae_cairo_tiling_large, layout_cave_pools,
          nicolae_vehumet_altar_sigil,
          mainiacjoe_overflow_concentric_impassable, uniq_crazy_yiuf_cottage,
          uniq_eustachio
D:7:      layout_rooms, minmay_overflow_temple_star_quad, enter_ossuary_2,
          nicolae_shop_firing_range, uniq_prince_ribbit1
D:8:      layout_loops_ring, mainiacjoe_overflow_cross_hatched,
          grunt_ministairs_3
D:9:      layout_rooms, overflow_temple_1_default, dpeg_oklobed_lair,
          st_stairs_11, kennysheep_another_room, minmay_misc_feat_tower,
          kennysheep_cluttered_room
D:10:     layout_roguey, kennysheep_mini_moat, hangedman_minor_magic, uniq_grum
D:11:     layout_small_grid, orc_0_dummy, nicolae_trove_entry_crossroad,
          minmay_fire_ice_demons, uniq_urug
D:12:     layout_stronghold, tgw_fedhas, uniq_nergalle
D:13:     kennysheep_six_static_rooms, layout_rooms, grunt_ministairs_2,
          uniq_frances
D:14:     wander_river, layout_cave_pods, grunt_vaults_entry_fortified,
          gauntlet_entry_generic, serial_park_square1
          [serial_park_minivault_5x5_7]
D:15:     hangedman_depths_entry_try_elsewhere_first, layout_cave_pods,
          minmay_misc_feat_plants, uniq_louise
Temple:   nicolae_temple_two_arcs
Lair:1:   layout_roguey, nicolae_volcano_entry_hallway, basic_altar
Lair:2:   layout_roguey, minmay_shoals_entry_beasts,
          nicolae_snake_entry_warm_welcome
Lair:3:   layout_cellular_growth, nicolae_lair_lil_pond,
          hangedman_lair_unloving_vines, uniq_sonja, uniq_gastronok, uniq_snorg
Lair:4:   layout_regular_city, minmay_slime_entry_jelly_boxes, dpeg_oklob_1
Lair:5:   cheibrodos_lair_end_hotspot, layout_loops_ring,
          chequers_serial_rivers_small_b, lemuel_oklob_altar, uniq_rupert,
          uniq_josephine
Shoals:1: layout_shoals, nicolae_shoals_lost_giant_pillars,
          nicolae_shoals_undead_eyrie
Shoals:2: layout_shoals
Shoals:3: layout_shoals, serial_shops, nicolae_shop_tiny_statue_garden,
          ebering_ghost_disaster_area, nicolae_shoals_so_close
Shoals:4: shoals_end_hellmonk_lost_city, uniq_bai_suzhen
Snake:1:  layout_gridlike, grunt_megastairs_3, uniq_roxanne
Snake:2:  layout_chambers, grunt_megastairs_2, minmay_shop_star
Snake:3:  layout_cave_town, serial_bayou_shore_b, grunt_megastairs_5,
          lemuel_fruit_tree, nicolae_triple_integral, uniq_vashnia, uniq_azrael,
          uniq_saint_roka
Snake:4:  snake_pit, layout_onion, guppyfry_library_mini, uniq_aizul
Orc:1:    layout_caves, basic_altar, david_defended_altar_orc
Orc:2:    grunt_orc_gardens, layout_caves, grunt_orc_garden, grunt_orc_garden,
          grunt_orc_garden, grunt_orc_garden, basic_altar

Skill      XL: |  1  2  3  4  5  6  7  8  9 10 11 12 13 14 15 16 17 |
---------------+----------------------------------------------------+-----
Short Blades   | 1 3 4 5 |  5.6
Fighting       | 4 5 6 7 9 11 12 14 15 16 | 16.7
Stealth        | 1 5 6 |  6.0
Spellcasting   | 3 5 7 8 |  8.0
Summonings     | 3 5 6 7 9 11 12 | 12.4
Necromancy     | 4 7 10 12 13 15 16 17 18 | 18.3
Hexes          | 3 6 8 |  8.8
Staves         | 1 6 |  6.0
Shields        | 3 6 |  6.0
Dodging        | 3 6 8 |  8.0
Long Blades    | |  2.8

Action                     |  1- 3 |  4- 6 |  7- 9 | 10-12 | 13-15 | 16-18 || total
---------------------------+-------+-------+-------+-------+-------+-------++-------
  Melee: Dagger            |    66 |   122 |   230 |   395 |   363 |   199 ||  1375
         Falchion          |     3 |       |       |       |       |       ||     3
         Tailslap          |       |       |       |    86 |   154 |    61 ||   301
         Staff             |       |       |       |    42 |   220 |    68 ||   330
   Cast: Call Canine Famil |       |       |    32 |    65 |    25 |       ||   122
         Dispel Undead     |       |       |       |     9 |     7 |     3 ||    19
         Animate Dead      |       |       |       |    18 |    24 |    11 ||    53
         Anguish           |       |       |       |    20 |   119 |    49 ||   188
         Death Channel     |       |       |       |       |    54 |    21 ||    75
         Haunt             |       |       |       |       |       |     5 ||     5
 Invoke: Unearth Wretches  |       |       |       |       |    16 |    10 ||    26
         Receive Forbidden |       |       |       |       |     1 |       ||     1
  Evoke: Wand              |       |       |    15 |       |     2 |       ||    17
    Use: Potion            |       |       |     1 |       |     4 |     9 ||    14
         Scroll            |       |       |     1 |    18 |    20 |     9 ||    48
   Stab: Paralysed         |       |       |    25 |    86 |   118 |    29 ||   258
         Distracted        |       |       |       |     3 |    14 |     5 ||    22
         Sleeping          |       |       |       |       |     3 |     5 ||     8
 Armour: Robe              |     7 |       |       |       |       |       ||     7
         Ring mail         |    12 |    33 |    75 |   236 |   193 |       ||   549
         Troll leather arm |       |       |       |       |   158 |   121 ||   279
  Dodge: Dodged            |    33 |    59 |    85 |   287 |   360 |   239 ||  1063
  Block: Buckler           |       |       |       |       |   104 |   124 ||   228
